 Dungeon Crawl Stone Soup version 0.30-a0-779-g7971cf19c3 (webtiles) character file.

Game seed: 8638337212433931255

170 cforsyth the Caller (level 5, -1/28 HPs)
             Began as a Tengu Summoner on Feb 17, 2023.
             Slain by a gnoll
             ... wielding a +0 spear
             ... led by a gnoll bouda
              (3 damage)
             ... on level 2 of the Dungeon.
             The game lasted 00:04:31 (2301 turns).

cforsyth the Caller (Tengu Summoner)                Turns: 2301, Time: 00:04:31

Health: -1/28      AC:  2    Str:  9    XL:     5   Next: 51%
Magic:  2/11       EV: 14    Int: 17    God:
Gold:   135        SH:  0    Dex: 14    Spells: 5/11 levels left

rFire   . . .      SeeInvis .    (no weapon)
rCold   . . .      Faith    .    (no shield)
rNeg    . . .      Spirit   .    a - +0 robe
rPois   .          Reflect  .    (helmet restricted)
rElec   .          Harm     .    (no cloak)
rCorr   .          Rampage  .    (no gloves)
Will    .....                    (boots unavailable)
Stlth   ++                       (no amulet)
HPRegen 0.24/turn                j - ring of wizardry
MPRegen 0.12/turn                (no ring)

@: flying quickly and evasively, quick
A: beak, talons 3, nimble flight
a: no special abilities


You were on level 2 of the Dungeon.
You visited 1 branch of the dungeon, and saw 3 of its levels.

You collected 135 gold pieces.

Inventory:

Armour
 a - a +0 robe (worn)
Jewellery
 j - a ring of wizardry (left hand)
Wands
 t - a wand of polymorph (5)
Scrolls
 c - 3 scrolls of identify {unknown}
 d - a scroll of fog {unknown}
 e - 2 scrolls of fear {unknown}
 g - a scroll of teleportation {unknown}
 h - a scroll of summoning {unknown}
 k - 2 scrolls of enchant weapon {unknown}
 m - a scroll of vulnerability {unknown}
 n - a scroll of noise {unknown}
 r - a scroll of blinking {unknown}
Potions
 b - 2 potions of magic
 f - 2 potions of curing {unknown}
 i - a potion of heal wounds {unknown}
 l - a potion of haste {unknown}
 o - 2 potions of might {unknown}
 p - a potion of attraction {unknown}
 q - a potion of berserk rage {unknown}
 s - 2 potions of lignification {unknown}


   Skills:
 - Level 2.1 Dodging
 - Level 2.0 Stealth
 + Level 3.8 Spellcasting
 + Level 6.5 Summonings


You had 5 spell levels left.
You knew the following spells:

 Your Spells              Type           Power      Damage    Failure   Level
a - Summon Small Mammal   Summ           100%       N/A       1%          1
b - Call Imp              Summ           25%        N/A       1%          2
c - Call Canine Familiar  Summ           25%        N/A       1%          3

Your spell library contained the following spells:

 Spells                   Type           Power      Damage    Failure   Level
 Summon Guardian Golem    Hex/Summ       14%        N/A       4%          3
 Summon Lightning Spire   Summ/Air       14%        N/A       16%         4


Dungeon Overview and Level Annotations

Branches:
Dungeon (3/15)

Altars:


Innate Abilities, Weirdness & Mutations

You have a beak for a mouth.
You have claws for feet.
Your magical nature lets you fly swiftly and evasively.


Message History

The kobold hits your hound but does no damage.
Your hound bites the kobold.
The gnoll hits you from afar with a +0 spear.
The kobold hits your hound with a +0 club.
Your hound closely misses the kobold.
Your hound barely misses the kobold.
The gnoll closely misses you.
A gnoll bouda comes into view. It is wielding a +0 club.
The kobold hits your hound with a +0 club.
The gnoll closely misses you.
There is a stone staircase leading up here.
Your hound barely misses the kobold.
The gnoll bouda barks out a call to the hunt!
The gnolls pick up the pace!
The kobold barely misses your hound. The gnoll closely misses you.
The gnoll misses you.
Your hound bites the kobold.
The kobold dies!
You fly upwards.
Your summoned allies are left behind.
There is a stone staircase leading down here.
Casting: Call Canine Familiar (safe; 1% risk of failure)
Confirm with . or Enter, or press ? or * to list all spells.
The gnoll misses you.
Press: ? - help, v - describe, . - travel
Here: a gnoll, wielding a +0 spear (moderately wounded, covering ground quickly, ally target)
The floor.
Casting: Call Canine Familiar (safe; 1% risk of failure)
Confirm with . or Enter, or press ? or * to list all spells.
You don't have enough magic to cast this spell.
Unknown command.
The gnoll attacks as you move away! The gnoll hits you with a +0 spear!
Your hound misses the gnoll.
The gnoll hits you from afar with a +0 spear!
* * * LOW HITPOINT WARNING * * *
Your hound closely misses the gnoll.
The gnoll barely misses you.
Your hound bites the gnoll.
The gnoll hits you from afar with a +0 spear!
* * * LOW HITPOINT WARNING * * *
There is a stone staircase leading up here.
The gnoll hits you from afar with a +0 spear.
You die...

.# #.#
#.#...# .#
#.# #.###.#
## #.# #.#
#.# #.# #.#
#.# #.# #.#
#h# #.#####.#
#.#
#.......###.#
####....gh..#
#.#@######
#.#...#
#.###.#
#.....#
#######


You could see a gnoll (swift, ally target) and a friendly hound (summoned).

Vanquished Creatures
  A dart slug (D:1)
  A bat (D:1)
  An endoplasm (D:1)
  A kobold (D:1)
4 creatures vanquished.

Vanquished Creatures (collateral kills)
  Terence (D:2)
  Natasha (thrice) (D:2)
  2 adders
  2 worms (D:2)
  2 dart slugs
  7 ball pythons
  2 endoplasms (D:2)
  2 giant cockroaches (D:2)
  3 goblins
  3 hobgoblins
  2 quokkas (D:2)
  2 bats
  4 frilled lizards
  5 kobolds
  2 rats
42 creatures vanquished.

Grand Total: 46 creatures vanquished

Notes
Turn   | Place    | Note
-------+----------+-------------------------------------------
     0 | D:1      | cforsyth the Tengu Summoner began the quest for the Orb.
     0 | D:1      | Reached XP level 1. HP: 10/10 MP: 4/4
   128 | D:1      | Reached skill level 5 in Summonings
   185 | D:1      | Reached XP level 2. HP: 15/15 MP: 3/6
   188 | D:1      | Learned a level 2 spell: Call Imp
   384 | D:1      | Found a faded altar of an unknown god.
   932 | D:1      | Reached XP level 3. HP: 19/19 MP: 3/7
   979 | D:1      | You fall into a shaft and drop 1 floor!
  1043 | D:2      | Learned a level 3 spell: Call Canine Familiar
  1296 | D:2      | Noticed Terence
  1318 | D:2      | Killed Terence
  1319 | D:2      | Reached XP level 4. HP: 24/24 MP: 1/9
  1779 | D:2      | Reached skill level 6 in Summonings
  1933 | D:2      | Noticed Natasha
  1939 | D:2      | Killed Natasha
  2112 | D:2      | Noticed Natasha
  2120 | D:2      | Killed Natasha
  2121 | D:2      | Gained mutation: Your magical nature lets you fly swiftly
                  | and evasively. [Tengu growth]
  2121 | D:2      | Reached XP level 5. HP: 28/28 MP: 4/11
  2190 | D:2      | Noticed Natasha
  2201 | D:2      | Killed Natasha
  2297 | D:2      | HP: 1/28 [gnoll/+0 spear[a gnoll bouda] (9)]
  2301 | D:2      | Slain by a gnoll

Illustrated notes

Levels and vault maps discovered:
D:1:      kennysheep_arrival_seaside, layout_loops_ring,
          hellmonk_ecumenical_altar_zigzags
D:2:      layout_basic, uniq_terence, uniq_natasha
D:3:      layout_rooms, minmay_vboxes

Skill      XL: |  1  2  3  4 |
---------------+-------------+-----
Summonings     | 5 6 |  6.5
Spellcasting   | 3 |  3.8
Dodging        | |  2.1
Stealth        | |  2.0

Action                     |  1- 3 |  4- 6 || total
---------------------------+-------+-------++-------
  Melee: Unarmed           |     9 |       ||     9
         Kick              |     3 |       ||     3
         Peck              |     3 |       ||     3
         Punch             |     1 |       ||     1
   Cast: Summon Small Mamm |    33 |    14 ||    47
         Call Imp          |    12 |     9 ||    21
         Call Canine Famil |     4 |    10 ||    14
 Armour: Robe              |     3 |       ||     3
  Dodge: Dodged            |    14 |     8 ||    22

Table legend: (Time is in decaauts)
 A = Elapsed time spent in this place.
 B = Non-inter-level travel time spent in this place.
 C = Inter-level travel time spent in this place.
 D = Time resting spent in this place.
 E = Time spent auto-exploring this place.
 F = Levels seen in this place.
 G = Mean time per level.
                   A        B        C        D        E       F      G
               +--------+--------+--------+--------+--------+-----+--------+
         Total |   2295 |   2284 |     11 |      0 |   1744 |   3 |  765.0 |
       Dungeon |   2295 |   2284 |     11 |      0 |   1744 |   3 |  765.0 |
               +--------+--------+--------+--------+--------+-----+--------+

Top non-repeatable levels by time:
     D:2: 1297 daAuts
     D:1: 979 daAuts
     D:3: 19 daAuts
